 Dungeon Crawl Stone Soup version 0.31-a0-523-g071a6c1ffa (webtiles) character file.

Game seed: 9556040378674461545

30 bobarctor the Chiller (level 3, -1/24 HPs)
             Began as a Demonspawn Ice Elementalist on Aug 11, 2023.
             Was a Follower of Sif Muna.
             Killed by divine providence
             ... invoked by an orc priest
              (12 damage)
             ... on level 4 of the Dungeon.
             The game lasted 00:05:05 (1670 turns).

bobarctor the Chiller (Demonspawn Ice Elementalist) Turns: 1670, Time: 00:05:05

Health: -1/24      AC:  8    Str:  8    XL:     3   Next: 5%
Magic:  1/6        EV: 12    Int: 18    God:    Sif Muna [*.....]
Gold:   133        SH:  0    Dex: 13    Spells: 2/6 levels left

rFire   . . .        c - +0 mace
rCold   . . .        (no shield)
rNeg    . . .        a - +0 robe
rPois   .            (no helmet)
rElec   .            (no cloak)
rCorr   .            (no gloves)
SInv    .            (no boots)
Will    .....        (no amulet)
Stlth   ++           (no ring)
HPRegen 0.24/turn    (no ring)
MPRegen 0.10/turn

%: no passive effects
@: ice-armoured
A: ignite blood 2
a: Renounce Religion, Channel Magic


You were on level 4 of the Dungeon.
You worshipped Sif Muna.
Sif Muna was aware of your devotion.
You visited 1 branch of the dungeon, and saw 4 of its levels.

You collected 133 gold pieces.

Inventory:

Hand Weapons
 c - a +0 mace (weapon)
Missiles
 j - 3 poisoned darts
Armour
 a - a +0 robe (worn)
Magical Staves
 e - a staff of conjuration
Scrolls
 d - a scroll of fear {unknown}
 g - a scroll of butterflies {unknown}
 h - a scroll of revelation {unknown}
 m - 2 scrolls of identify {unknown}
 n - a scroll of amnesia {unknown}
 p - a scroll of enchant weapon {unknown}
Potions
 b - a potion of magic
 f - 2 potions of heal wounds {unknown}
 i - 2 potions of curing {unknown}
 k - 2 potions of degeneration {unknown}
 l - 2 potions of mutation {unknown}
 o - a potion of attraction {unknown}
 q - a potion of invisibility {unknown}


   Skills:
 + Level 1.9 Dodging
 + Level 2.1 Stealth
 * Level 2.3 Spellcasting
 + Level 4.0 Ice Magic
 * Level 1.1 Invocations


You had 2 spell levels left.
You knew the following spells:

 Your Spells              Type           Power      Damage    Failure   Level
a - Freeze                Ice            64%        1d7       3%          1
b - Ozocubu's Armour      Ice            16%        N/A       10%         3

Your spell library contained the following spells:

 Spells                   Type           Power      Damage    Failure   Level
 Frozen Ramparts          Ice            32%        1d5       10%         3
 Summon Ice Beast         Ice/Summ       9%         N/A       58%         4


Dungeon Overview and Level Annotations

Branches:
Dungeon (4/15)
 Temple: D:4-7

Altars:
Sif Muna

Annotations:
D:3 Grinder


Innate Abilities, Weirdness & Mutations

Your demonic aura often causes spilled blood to erupt in flames.


Message History

You see here a gold piece.
You now have 117 gold pieces (gained 1).
The hobgoblin closely misses you.
You barely miss the hobgoblin. The hobgoblin hits you.
You hit the hobgoblin.
You kill the hobgoblin!
Sif Muna accepts your kill.
HP restored.
You now have 133 gold pieces (gained 16).
An orc priest comes into view. It is wielding a +0 dagger.
You barely miss the orc priest.
The orc priest shouts!
You hear a shout!
The orc priest barely misses you.
The orc priest calls down the wrath of Beogh upon you.
Beogh smites you!
Ouch! That really hurt!
You barely miss the orc priest. The orc priest barely misses you.
Casting: Freeze (safe; 3% risk of failure)
Confirm with . or Enter, or press ? or * to list all spells.
Aiming: Freeze (safe; 3% risk of failure)
Press: ? - help, Shift-Dir - straight line, f - orc priest
Aim: an orc priest, wielding a +0 dagger and wearing a +0 leather armour You freeze the orc priest.
The orc priest is moderately wounded.
Casting: Freeze (safe; 3% risk of failure)
Confirm with . or Enter, or press ? or * to list all spells.
Aiming: Freeze (safe; 3% risk of failure)
Press: ? - help, Shift-Dir - straight line, f/p - orc priest
Aim: an orc priest, wielding a +0 dagger and wearing a +0 leather armour (moderately wounded)
You freeze the orc priest.
The orc priest is heavily wounded.
An orc wizard comes into view. It is wielding a +0 dagger.
The orc priest hits you with a +0 dagger.
Casting: Freeze (safe; 3% risk of failure)
Confirm with . or Enter, or press ? or * to list all spells.
A film of ice covers your body!
The orc priest invokes the aid of Beogh against you.
Beogh smites you!
Ouch! That really hurt!
You die...

##.###..###.##..#
### #### #+##..##
+...+ # #...# .#
#...# .# ###
#..##..#
#...##.o##..#
#...........#
##..##.o@...# #.
##..##..# #.
#$..# ..# #
#.........
##..##..... #..#
...## ...# ..?
...# . ....#


You could see an orc priest and an orc wizard.

Vanquished Creatures
  An adder (D:3)
  A worm (D:2)
  4 bats
  2 endoplasms
  A giant cockroach (D:1)
  3 hobgoblins
  2 kobolds
  A ball python (D:2)
  A frilled lizard (D:1)
  3 rats
19 creatures vanquished.

Notes
Turn   | Place    | Note
-------+----------+-------------------------------------------
     0 | D:1      | bobarctor the Demonspawn Ice Elementalist began the quest
                  | for the Orb.
     0 | D:1      | Reached XP level 1. HP: 13/13 MP: 3/3
   542 | D:1      | Found a faded altar of an unknown god.
   546 | D:1      | Prayed at the altar of an unknown god.
   546 | D:1      | Became a worshipper of Sif Muna the Loreminder
   546 | D:1      | Reached * piety under Sif Muna
   654 | D:1      | Gained mutation: Your demonic aura sometimes causes spilled
                  | blood to erupt in flames. [demonic ancestry]
   654 | D:1      | Reached XP level 2. HP: 19/19 MP: 5/5
  1447 | D:3      | Reached skill level 4 in Ice Magic
  1447 | D:3      | Reached skill level 1 in Invocations
  1504 | D:3      | Noticed Grinder
  1535 | D:3      | Gained mutation: Your demonic aura often causes spilled
                  | blood to erupt in flames. [demonic ancestry]
  1535 | D:3      | Reached XP level 3. HP: 8/24 MP: 6/6
  1539 | D:3      | Learned a level 3 spell: Ozocubu's Armour
  1670 | D:4      | Killed from afar by an orc priest

Illustrated notes

Levels and vault maps discovered:
D:1:      psy_arrival_dodecagon, layout_loops_cross, serial_forest,
          infiniplex_forest_join, infiniplex_forest_lined_4_way,
          infiniplex_forest_lined_3_way, infiniplex_forest_end_double,
          infiniplex_forest_clump_tiny, infiniplex_forest_lined_3,
          infiniplex_forest_pool, infiniplex_forest_straight_2,
          nicolae_ecumenical_lake_church, feat_on_display
D:2:      layout_rooms, kennysheep_minor_cross
D:3:      layout_loops_ring, uniq_grinder
D:4:      layout_gridville, general_overflow_altar, uniq_duvessa

Skill      XL: |  1  2 |
---------------+-------+-----
Stealth        | 2 |  2.1
Ice Magic      | 4 |  4.0
Invocations    | 1 |  1.1
Dodging        | |  1.9
Spellcasting   | |  2.3

Action                     || total
---------------------------++-------
  Melee: Mace              ||    42
   Cast: Freeze            ||    15
         Ozocubu's Armour  ||     1
   Stab: Sleeping          ||     1
 Armour: Robe              ||     8
  Dodge: Dodged            ||    35

Table legend: (Time is in decaauts)
 A = Elapsed time spent in this place.
 B = Non-inter-level travel time spent in this place.
 C = Inter-level travel time spent in this place.
 D = Time resting spent in this place.
 E = Time spent auto-exploring this place.
 F = Levels seen in this place.
 G = Mean time per level.
                   A        B        C        D        E       F      G
               +--------+--------+--------+--------+--------+-----+--------+
         Total |   1689 |   1630 |     59 |    185 |   1155 |   4 |  422.2 |
       Dungeon |   1689 |   1630 |     59 |    185 |   1155 |   4 |  422.2 |
               +--------+--------+--------+--------+--------+-----+--------+

Top non-repeatable levels by time:
     D:1: 845 daAuts
     D:2: 542 daAuts
     D:3: 242 daAuts
     D:4: 59 daAuts
